 Dungeon Crawl Stone Soup version 0.19.5 (webtiles) character file.

604 Peloso the Slasher (level 7, -2/61 HPs)
             Began as a Minotaur Fighter on Mar 6, 2017.
             Slain by Edmund
             ... wielding a +3 dire flail of protection
              (7 damage)
             ... on level 4 of the Dungeon.
             The game lasted 00:09:51 (3401 turns).

Peloso the Slasher (Minotaur Fighter)               Turns: 3401, Time: 00:09:52

Health: -2/61      AC:  7    Str: 25    XL:     7   Next: 18%
Magic:  6/6        EV:  9    Int:  5    God:
Gold:   236        SH: 12    Dex: 12    Spells: 0 memorised, 6 levels left

rFire  . . .     SeeInvis .     a - +1 long sword
rCold  + . .     Gourm    .     b - +0 scale mail
rNeg   . . .     Faith    .     c - +1 shield
rPois  .         Spirit   .     (helmet restricted)
rElec  .         Reflect  .     (no cloak)
rCorr  .         Harm     .     (no gloves)
MR     .....                    (no boots)
Stlth  ..........               (no amulet)
                                o - ring of protection from cold
                                h - ring of flight

@: mighty
A: retaliatory headbutt, horns 2
a: Evoke Flight


You were on level 4 of the Dungeon.
You were hungry.

You visited 1 branch of the dungeon, and saw 4 of its levels.
You also visited: Sewer.

You collected 236 gold pieces.

Inventory:

Hand Weapons
 a - a +1 long sword (weapon)
 p - a +1 whip of flaming
Armour
 b - a +0 scale mail (worn)
 c - a +1 shield (worn)
Jewellery
 h - a ring of flight (left hand)
 o - a ring of protection from cold (right hand)
Wands
 v - a wand of slowing (48/48)
Scrolls
 e - 2 scrolls of silence {unknown}
 g - 2 scrolls of blinking {unknown}
 j - 4 scrolls of enchant weapon
 t - a scroll of random uselessness {unknown}
 u - a scroll of remove curse {unknown}
Potions
 n - a potion of invisibility
 q - 2 potions of curing {unknown}
 w - a potion of resistance {unknown}
Comestibles
 f - 6 bread rations
 s - 2 meat rations


   Skills:
 + Level 5.1 Fighting
 + Level 5.9 Long Blades
 + Level 5.1 Armour
 + Level 2.2 Dodging
 + Level 5.8 Shields


You had 6 spell levels left.
You didn't know any spells.

Dungeon Overview and Level Annotations

Branches:
Dungeon (4/15)
 Temple: D:4-7

Altars:
Xom
The Shining One

Annotations:
D:4 Edmund


Innate Abilities, Weirdness & Mutations

You reflexively headbutt those who attack you in melee.
You have a pair of horns on your head.


Message History

Edmund hits you with a dire flail of protection.
You hit Edmund but do no damage.
Edmund is lightly wounded.
You feel sick.
You are no longer poisoned.
Edmund hits you with a dire flail of protection!
* * * LOW HITPOINT WARNING * * *
Edmund hits you with a dire flail of protection.
* * * LOW HITPOINT WARNING * * *
You feel very mighty all of a sudden.
You slash Edmund!
Edmund is moderately wounded.
Edmund hits you with a dire flail of protection!
* * * LOW HITPOINT WARNING * * *
You block Edmund's attack.
Unknown command.
You closely miss Edmund. You headbutt Edmund!
Edmund is moderately wounded.
Edmund hits you with a dire flail of protection!
You die...

.................................
.##..............................
###....##..##....................
##....####..###..................
#......####...#..................
..###....###.....................
.## ##..................,,,,.....
## ##...................,,,,,...#
# ##............@.......,,,,,...*
###..............@......,,,,,,,,*
#.......................,,,,,,,,*
............................,,,,,
.............................,,,,
..............................,,,
..............>................,,
...............................,,
....<..........................,.


You could see Edmund.

Vanquished Creatures
  2 bullfrogs (Sewer)
  A howler monkey (D:4)
  An orc wizard (D:3)
  An iguana (D:4)
  A worker ant (D:4)
  16 adders
  13 oozes
  An adder skeleton (D:4)
  5 worms
  2 dart slugs
  11 leopard geckos
  10 orcs
  12 bats
  12 giant cockroaches
  5 goblins
  5 hobgoblins
  7 jackals
  A quokka (D:3)
  11 ball pythons
  11 frilled lizards
  6 kobolds
  9 rats
143 creatures vanquished.

Notes
Turn   | Place    | Note
-------+----------+-------------------------------------------
     0 | D:1      | Peloso the Minotaur Fighter began the quest for the Orb.
     0 | D:1      | Reached XP level 1. HP: 19/19 MP: 0/0
    77 | D:1      | Reached XP level 2. HP: 25/27 MP: 1/1
   303 | D:1      | Reached XP level 3. HP: 30/33 MP: 2/2
   499 | D:2      | Found a shimmering altar of Xom.
   832 | D:2      | Reached XP level 4. HP: 40/40 MP: 3/3
   931 | D:2      | Reached skill level 1 in Dodging
  1814 | D:3      | Reached XP level 5. HP: 18/47 MP: 4/4
  2199 | D:3      | Found a glowing golden altar of the Shining One.
  2506 | D:4      | Reached skill level 5 in Shields
  2623 | D:4      | Found a glowing drain.
  2628 | D:4      | Reached XP level 6. HP: 44/55 MP: 5/5
  2643 | Sewer    | Entered a sewer
  2920 | Sewer    | Reached skill level 5 in Long Blades
  3011 | Sewer    | Reached skill level 5 in Fighting
  3041 | Sewer    | Reached XP level 7. HP: 47/61 MP: 6/6
  3153 | D:4      | Reached skill level 5 in Armour
  3392 | D:4      | Noticed Edmund
  3401 | D:4      | Slain by Edmund

Skill      XL: |  1  2  3  4  5  6  7 |
---------------+----------------------+-----
Shields        | 4 5 |  5.8
Fighting       | 4 5 |  5.1
Armour         | 4 5 |  5.1
Long Blades    | 3 4 5 |  5.9
Dodging        | 1 2 |  2.2

Action                   |  1- 3 |  4- 6 |  7- 9 || total
-------------------------+-------+-------+-------++-------
Melee: Long sword        |    77 |   237 |    32 ||   346
       Headbutt          |    18 |    45 |     7 ||    70
  Use: Scroll            |       |     8 |       ||     8
       Potion            |       |       |     1 ||     1
  Eat: Chunk             |       |     8 |       ||     8
Armor: Scale mail        |    54 |   118 |    13 ||   185
Dodge: Dodged            |    45 |    84 |    16 ||   145
Block: Shield            |    51 |   184 |    19 ||   254
       Rpst.: Long sword |    15 |    24 |     6 ||    45
